 Dungeon Crawl Stone Soup version 0.21-a0-348-ga060c75 (webtiles) character file.

8 vishdafish the Charmwright (level 2, 15/22 HPs)
             Began as a Demonspawn Skald on Oct 6, 2017.
             Quit the game on level 1 of the Dungeon.
             The game lasted 00:00:32 (58 turns).

vishdafish the Charmwright (Demonspawn Skald)         Turns: 58, Time: 00:00:33

Health: 15/22      AC:  3    Str: 11    XL:     2   Next: 0%
Magic:  5/5        EV: 12    Int: 14    God:
Gold:   29         SH:  0    Dex: 12    Spells: 4/5 levels left

rFire    . . .     SeeInvis .   a - +0 spear
rCold    . . .     Gourm    .   (no shield)
rNeg     . . .     Faith    .   b - +0 leather armour
rPois    .         Spirit   .   (no helmet)
rElec    .         Reflect  .   (no cloak)
rCorr    .         Harm     .   (no gloves)
MR       .....                  (no boots)
Stlth    ++........             (no amulet)
HPRegen  0.07/turn              (no ring)
MPRegen  0.09/turn              (no ring)

@: no status effects
A: nightstalker 1
a: no special abilities


You were on level 1 of the Dungeon.
You were not hungry.

You visited 1 branch of the dungeon, and saw 1 of its levels.

You collected 29 gold pieces.

Inventory:

Hand Weapons
 a - a +0 spear (weapon)
Armour
 b - a +0 leather armour (worn)
Books
 c - a book of Battle

   Spells                             Type                      Level
   a - Infusion                       Charms                       1
   b - Shroud of Golubria             Charms/Translocation         2
   c - Song of Slaying                Charms                       2
   d - Spectral Weapon                Hexes/Charms                 3
   e - Regeneration                   Charms/Necromancy            3
Comestibles
 d - a bread ration


   Skills:
 - Level 2.0 Fighting
 * Level 2.1 Polearms
 + Level 1.1 Armour
 + Level 1.9 Dodging
 - Level 2.0 Spellcasting
 + Level 2.8 Charms


You had 4 spell levels left.
You knew the following spells:

 Your Spells              Type           Power        Failure   Level  Hunger
a - Infusion              Chrm           #...         10%         1    ##.....


Dungeon Overview and Level Annotations

Branches:
Dungeon (1/15)

Altars:


Innate Abilities, Weirdness & Mutations

You are slightly more attuned to the shadows.


Message History

The kobold throws a stone.
The stone hits you.
Attack whom?
Press: ? - help, Dir - move target cursor, f - leopard gecko
Aim: a leopard gecko (clinging)
You reach to attack!
You barely miss the leopard gecko.
The kobold throws a stone.
The stone hits you but does no damage.
You hit the leopard gecko but do no damage.
The leopard gecko misses you.
The kobold throws a stone.
The stone barely misses you.
You hit the rat.
You kill the rat!
You have reached level 2!
Your demonic ancestry asserts itself...
You slip into the darkness of the dungeon.
The leopard gecko bites you.
You closely miss the leopard gecko.
The leopard gecko bites you but does no damage.
The kobold throws a stone.
The stone closely misses you. The leopard gecko closely misses you.
Are you sure you want to abandon this character and quit the game? (Confirm with "yes".)

....... #.....#
......###.
.........
#######K.....
...........
......†.l#####.#
#@.......#
#...#####
#......#
#((....#
#......# #
#.#..###...#
#.#..###...#.#
#.#...##...#.#
#.#........#.#


You could see a leopard gecko and a kobold.

Vanquished Creatures
  A ball python (D:1)
  A giant cockroach (D:1)
  A goblin (D:1)
  2 hobgoblins (D:1)
  A bat (D:1)
  A rat (D:1)
7 creatures vanquished.

Notes
Turn   | Place    | Note
-------+----------+-------------------------------------------
     0 | D:1      | vishdafish the Demonspawn Skald began the quest for the Orb.
     0 | D:1      | Reached XP level 1. HP: 16/16 MP: 3/3
    30 | D:1      | Reached skill level 1 in Armour
    56 | D:1      | Gained mutation: You are slightly more attuned to the shadows. [demonic ancestry]
    56 | D:1      | Reached XP level 2. HP: 16/22 MP: 5/5
    58 | D:1      | Quit the game

Vault maps used:
D:1:      nicolae_arrival_memento_mori

Skill      XL: |  1 |
---------------+----+-----
Armour         | 1 |  1.1
Polearms       | 2 |  2.1
Fighting       | |  2.0
Dodging        | |  1.9
Spellcasting   | |  2.0
Charms         | |  2.8

Action                   || total
-------------------------++-------
Melee: Spear             ||    23
Armor: Leather armour    ||     3
Dodge: Dodged            ||    14

Table legend:
 A = Spawn XP
 B = Non-spawn XP
 C = Spawn XP percentage of total XP
 D = Spawn monster count
 E = Non-spawn monster count
 F = Spawn count percentage of total count
 G = Total turns spent on level
                    A         B        C        D         E        F      G
               +---------+---------+-------+---------+---------+-------+---------
         Total |       0 |      12 |   0.0 |       0 |       7 |   0.0 |    58
               +---------+---------+-------+---------+---------+-------+---------
           D:1 |       0 |      12 |   0.0 |       0 |       7 |   0.0 |    58
               +---------+---------+-------+---------+---------+-------+---------
